 Dungeon Crawl Stone Soup version 0.28.0-53-g5a82cb258f (webtiles) character file.

Game seed: 8156139919539675152

59 Sin92 the Skirmisher (level 3, -5/29 HPs)
             Began as a Demonspawn Fighter on June 16, 2022.
             Slain by Terence
             ... wielding a +4 mace
              (8 damage)
             ... on level 3 of the Dungeon.
             The game lasted 00:01:13 (2063 turns).

Sin92 the Skirmisher (Demonspawn Fighter)           Turns: 2063, Time: 00:01:13

Health: -5/29      AC:  7    Str: 18    XL:     3   Next: 78%
Magic:  3/3        EV:  9    Int:  9    God:
Gold:   107        SH:  4    Dex: 12    Spells: 2/2 levels left

rFire   . . .      SeeInvis .   a - +0 war axe
rCold   . . .      Faith    .   c - +0 buckler
rNeg    . . .      Spirit   .   b - +0 scale mail
rPois   .          Reflect  .   (no helmet)
rElec   .          Harm     .   d - +0 cloak
rCorr   .          Rampage  .   (no gloves)
Will    .....                   (no boots)
Stlth   ..........              (no amulet)
HPRegen 0.09/turn               (no ring)
MPRegen 0.08/turn               (no ring)

@: flying
A: weakness stinger 1
a: no special abilities


You were on level 3 of the Dungeon.
You visited 1 branch of the dungeon, and saw 3 of its levels.

You collected 107 gold pieces.

Inventory:

Hand Weapons
 a - a +0 war axe (weapon)
Armour
 b - a +0 scale mail (worn)
 c - a +0 buckler (worn)
 d - a +0 cloak (worn)
Scrolls
 g - 3 scrolls of identify {unknown}
 h - a scroll of fog {unknown}
 i - 2 scrolls of torment {unknown}
Potions
 e - 2 potions of brilliance {unknown}
 f - a potion of attraction {unknown}
 k - a potion of haste {unknown}
 l - a potion of curing {unknown}
 m - 2 potions of ambrosia {unknown}


   Skills:
 + Level 3.4 Fighting
 + Level 2.2 Axes
 + Level 3.1 Armour
 + Level 1.1 Dodging
 + Level 3.1 Shields


You had 2 spell levels left.
You didn't know any spells.
Your spell library contained the following spells:

 Spells                   Type           Power      Damage    Failure   Level
 Dazzling Flash           Conj/Hex       0%         N/A       99%         3
 Iskenderun's Mystic Bla  Conj/Tloc      0%         2d3       100%        4
 Starburst                Conj/Fire      0%         6d3       100%        6


Dungeon Overview and Level Annotations

Branches:
Dungeon (3/15)

Altars:
Cheibriados

Annotations:
D:3 Terence


Innate Abilities, Weirdness & Mutations

You have a small tail.


Message History

Unknown command.
No target in view!
Terence the Incautious comes into view.
He is wielding a +4 mace.
Terence shouts!
Unknown command.
Terence is nearby!
Unknown command.
Terence is nearby!
Terence hits you but does no damage.
Unknown command.
Terence is nearby!
You completely miss Terence. Terence barely misses you.
Terence hits you with a +4 mace!
Unknown command.
Terence is nearby!
You hit Terence but do no damage. Terence hits you with a +4 mace.
Unknown command.
You slash Terence!
Terence is moderately wounded.
Terence hits you with a +4 mace!
Terence is nearby!
Unknown command.
You are too injured to fight recklessly!
Terence is nearby!
Unknown command.
You are too injured to fight recklessly!
Terence is nearby!
Unknown command.
You are too injured to fight recklessly!
Unknown command.
Terence is nearby!
It was a potion of flight.
You feel very buoyant.
You fly up into the air.
Terence hits you with a +4 mace!
* * * LOW HITPOINT WARNING * * *
You barely miss Terence.
You tail-slap Terence, but do no damage.
Terence is moderately wounded.
Terence hits you with a +4 mace!
You die...

. .# .. .#. #.#........
.....#########.#........
#..#...........#........
........................
#.......................
...................[....
#......................
#..............@@......
#..............$.......
##.............#.......
##..........#.#.(....#
###....#######...###.##
#...#### #..## # ##.###
#..# ...# #### #####


You could see Terence.

Vanquished Creatures
  Crazy Yiuf (D:2)
  A worm (D:2)
  2 bats (D:2)
  2 endoplasms (D:1)
  2 giant cockroaches
  3 goblins (D:2)
  2 hobgoblins
  A quokka (D:1)
  2 ball pythons
  7 kobolds
  4 rats
27 creatures vanquished.

Notes
Turn   | Place    | Note
-------+----------+-------------------------------------------
     0 | D:1      | Sin92 the Demonspawn Fighter began the quest for the Orb.
     0 | D:1      | Reached XP level 1. HP: 18/18 MP: 1/1
   588 | D:1      | Discovered your monstrous ancestry.
   588 | D:1      | Gained mutation: You have a small tail. [demonic ancestry]
   588 | D:1      | Reached XP level 2. HP: 22/24 MP: 2/2
   926 | D:2      | Found a runed translucent door.
   927 | D:2      | Noticed Crazy Yiuf
  1225 | D:2      | Found a snail-covered altar of Cheibriados.
  1899 | D:2      | Reached XP level 3. HP: 26/29 MP: 3/3
  1949 | D:2      | Killed Crazy Yiuf
  1950 | D:2      | Reached skill level 1 in Dodging
  2055 | D:3      | Noticed Terence
  2063 | D:3      | Slain by Terence

Illustrated notes

Levels and vault maps discovered:
D:1:      wander_arrival_estate, layout_basic
D:2:      layout_basic, basic_altar, interstate_on_off, uniq_crazy_yiuf_cottage
D:3:      layout_rooms, hellmonk_ecumenical_altar_lost_god,
          kennysheep_nondescript, uniq_jessica, uniq_natasha, uniq_terence

Skill      XL: |  1  2  3 |
---------------+----------+-----
Axes           | 2 |  2.2
Shields        | 3 |  3.1
Armour         | 3 |  3.1
Dodging        | 1 |  1.1
Fighting       | |  3.4

Action                   || total
-------------------------++-------
Melee: War axe           ||    84
       Tailslap          ||     9
  Use: Scroll            ||     1
       Potion            ||     2
Armor: Scale mail        ||    33
Dodge: Dodged            ||    40
Block: Buckler           ||    23
